 Dungeon Crawl Stone Soup version 0.28.0-43-g3370ac3207 (webtiles) character file.

Game seed: 17200518611056298080

629690 Kaptain the Metallomancer (level 27, -18/190 HPs)
             Began as a Gargoyle Earth Elementalist on Mar 19, 2022.
             Killed from afar by a Brimstone Fiend (26 damage)
             ... with damnation
             ... in Pandemonium.
             The game lasted 04:50:56 (122762 turns).

Kaptain the Metallomancer (GrEE)                  Turns: 122762, Time: 04:50:57

Health: -18/190    AC: 58    Str:  9    XL:     27
Magic:  7/48       EV: 12    Int: 28    God:
Gold:   5402       SH: 14    Dex: 20    Spells: 28/68 levels left

rFire   + + .      SeeInvis +   a - staff of earth
rCold   + + +      Faith    .   g - +2 buckler {AC+3}
rNeg    + + +      Spirit   .   j - +9 ice dragon scales
rPois   ∞          Reflect  +   D - +0 hat
rElec   +          Harm     .   v - +0 cloak {Will+}
rCorr   +          Rampage  .   A - +0 pair of gloves
Will    +++..                   i - +2 pair of boots
Stlth   +++.......              F - amulet of Vehumet's Supremacy {Reflect rElec rF++ rCorr Dex+4 SH+5}
HPRegen 0.41/turn               V - ring of Keguchaj {rF+ rN+ Str-3 SInv}
MPRegen 0.31/turn               P - ring "Zowett" {rC+ rN+ Dex+4}

@: weakened, flying, studying 2 skills, unable to read
A: sickness immunity, AC +20, big wings, negative energy resistance 1,
electricity resistance, torment resistance 1, petrification resistance, horns 1,
iridescent scales 1, thin skeletal structure 1, mutation resistance 1, weak 1,
subdued magic 1, inability to read while threatened
}: 4/15 runes: decaying, serpentine, slimy, silver
a: no special abilities


You were in Pandemonium.
You visited 12 branches of the dungeon, and saw 53 of its levels.
You visited Pandemonium 1 time, and saw 2 of its levels.
You also visited: Sewer and Ice Cave.

You collected 8338 gold pieces.
You spent 2936 gold pieces at shops.

Inventory:

Hand Weapons
 o - the +8 short sword of Contention {protect, rC- Dex+4 SInv Stlth+}
   (You found it on level 2 of the Dungeon)

   It grants its wielder temporary protection when it strikes (+7 to AC).
   Dex:       It affects your dexterity (+4).
   rC:        It makes you vulnerable to cold.
   SInv:      It lets you see invisible.
   Stlth:     It makes you more stealthy.
 s - a +9 trishula of holy wrath
 X - the +10 short sword of Qufrug {holy, Str+4 Int+4}
   (You found it on level 3 of the Elven Halls)

   It has been blessed by the Shining One to cause great damage to the undead
   and demons.
   Str:       It affects your strength (+4).
   Int:       It affects your intelligence (+4).
Missiles
 c - 1964 stones
Armour
 b - a +2 ring mail of cold resistance
 g - a +2 buckler of protection (worn)
 i - a +2 pair of boots (worn)
 j - +9 ice dragon scales (worn)
 v - a +0 cloak of willpower (worn)
 A - a +0 pair of gloves (worn)
 D - a +0 hat (worn)
 U - the +3 warlock's mirror {reflect}
   (You found it on level 5 of the Pits of Slime)

   It can block and reflect piercing ranged attacks and magical attacks against
   the wielder's willpower.
Magical Staves
 a - a staff of earth (weapon)
 N - a staff of conjuration
Jewellery
 l - the ring of the Evening {Wiz rF+ Int+5}
   (You acquired it on level 6 of the Lair of Beasts)

   [ring of wizardry]

   It improves your spell success rate.
   Int:       It affects your intelligence (+5).
   rF:        It protects you from fire.
 w - the ring "Koomiref" {Fly EV+4 Str+4 Stlth-}
   (You found it in Pandemonium)

   [ring of evasion]

   EV:        It affects your evasion (+4).
   Str:       It affects your strength (+4).
   Fly:       It grants you flight.
   Stlth:     It makes you less stealthy.
 B - the ring of Duhu {rC- MP+9 Str+5 Dex+4}
   (You took it off a tengu conjurer on level 15 of the Dungeon)

   [ring of magical power]

   Str:       It affects your strength (+5).
   Dex:       It affects your dexterity (+4).
   rC:        It makes you vulnerable to cold.
   MP:        It affects your magic capacity (+9).
 F - the amulet of Vehumet's Supremacy (around neck) {Reflect rElec rF++ rCorr Dex+4 SH+5}
   (You found it on level 8 of the Dungeon)

   [amulet of reflection]

   It reflects blocked missile attacks.
   Dex:       It affects your dexterity (+4).
   rF:        It greatly protects you from fire.
   rElec:     It insulates you from electricity.
   rCorr:     It protects you from acid and corrosion.
   SH:        It affects your SH (+5).
 G - the ring "Moyrut" {Will+ Int+5 Dex+6}
   (You found it on level 3 of the Crypt)

   [ring of dexterity]

   Int:       It affects your intelligence (+5).
   Dex:       It affects your dexterity (+6).
   Will:      It increases your willpower.
 I - the amulet "Jeobiutto" {RegenMP rC+ Str+7 Stlth+}
   (You took it off a deep elf demonologist on level 2 of the Elven Halls)

   [amulet of magic regeneration]

   It increases your rate of magic regeneration.
   Str:       It affects your strength (+7).
   rC:        It protects you from cold.
   Stlth:     It makes you more stealthy.
 L - the ring "Acveqatu" {Wiz rF- Str-5 Dex+9 SInv}
   (You took it off a wight on level 8 of the Dungeon)

   [ring of wizardry]

   It improves your spell success rate.
   Str:       It affects your strength (-5).
   Dex:       It affects your dexterity (+9).
   rF:        It makes you vulnerable to fire.
   SInv:      It lets you see invisible.
 O - the amulet "Zoetom" {Spirit -Cast Will++ Dex+5}
   (You found it in Pandemonium)

   [amulet of guardian spirit]

   It causes incoming damage to be divided between your reserves of health and
   magic.
   Dex:       It affects your dexterity (+5).
   -Cast:     It prevents spellcasting.
   Will:      It greatly increases your willpower.
 P - the ring "Zowett" (right hand) {rC+ rN+ Dex+4}
   (You bought it in a shop on level 3 of the Snake Pit)

   [ring of protection from cold]

   Dex:       It affects your dexterity (+4).
   rC:        It protects you from cold.
   rN:        It protects you from negative energy.
 S - a ring of magical power
 V - the ring of Keguchaj (left hand) {rF+ rN+ Str-3 SInv}
   (You found it on level 5 of the Pits of Slime)

   [ring of see invisible]

   Str:       It affects your strength (-3).
   rF:        It protects you from fire.
   rN:        It protects you from negative energy.
   SInv:      It lets you see invisible.
Wands
 y - a wand of iceblast (30)
 J - a wand of acid (30)
 M - a wand of digging (17)
Scrolls
 d - 4 scrolls of magic mapping
 k - 5 scrolls of holy word
 q - 4 scrolls of blinking
 r - 19 scrolls of teleportation
 x - 9 scrolls of immolation
 H - 2 scrolls of amnesia
 K - a scroll of summoning
 R - 5 scrolls of fog
 W - 2 scrolls of fear
Potions
 e - 4 potions of cancellation
 f - 9 potions of might
 h - 4 potions of brilliance
 p - 5 potions of mutation
 t - 4 potions of invisibility
 u - 4 potions of haste
 z - a potion of resistance
 E - 14 potions of curing
Miscellaneous
 m - a lightning rod (4/4)
 n - a phantom mirror
 Q - a condenser vane
 T - a tin of tremorstones (2/2)


   Skills:
 * Level 24.3 Fighting
 + Level 8.0 Staves
 + Level 17.7 Armour
 + Level 8.2 Dodging
 + Level 5.9 Stealth
 - Level 10.0 Shields
 * Level 21.0 Spellcasting
 * Level 24.3 Conjurations
 - Level 0.9 Transmutations
 * Level 26.4 Earth Magic
 - Level 5.0 Evocations


You had 28 spell levels left.
You knew the following spells:

 Your Spells              Type           Power      Damage    Failure   Level
a - Sandblast             Erth           100%       2d20      0%          1
b - Stone Arrow           Conj/Erth      100%       3d13      0%          3
c - Lee's Rapid Deconstr  Erth           58%        3d28*     0%          5
d - Iron Shot             Conj/Erth      57%        9d11      1%          6
e - Shatter               Erth           58%        3d44*     13%         9
f - Iskenderun's Battles  Conj           91%        2d14      0%          5
g - Swiftness             Air            22%        N/A       19%         3
h - Orb of Destruction    Conj           45%        9d12      1%          7
i - Magic Dart            Conj           100%       1d8       0%          1

Your spell library contained the following spells:

 Spells                   Type           Power      Damage    Failure   Level
 Searing Ray              Conj           100%       2d8       0%          2
 Shock                    Conj/Air       100%       1d9       1%          1
 Passwall                 Tmut/Erth      74%        N/A       1%          2
 Static Discharge         Conj/Air       66%        N/A       1%          2
 Mephitic Cloud           Conj/Pois/Air  55%        N/A       1%          3
 Flame Wave               Conj/Fire      66%        2d12      1%          4
 Fulminant Prism          Conj/Hex       33%        3d16      1%          4
 Hailstorm                Conj/Ice       66%        3d14      1%          4
 Leda's Liquefaction      Hex/Erth       44%        N/A       1%          4
 Petrify                  Tmut/Erth      89%        N/A       1%          4
 Sticky Flame             Conj/Fire      66%        2d8       1%          4
 Borgnjor's Vile Clutch   Necr/Erth      44%        N/A       1%          5
 Fireball                 Conj/Fire      33%        3d14      1%          5
 Lightning Bolt           Conj/Air       33%        1d50      1%          5
 Beastly Appendage        Tmut           52%        N/A       4%          1
 Sting                    Tmut/Pois      96%        1d7       4%          1
 Animate Skeleton         Necr           44%        N/A       6%          1
 Apportation              Tloc           44%        N/A       6%          1
 Pain                     Necr           88%        1d8       6%          1
 Slow                     Hex            88%        N/A       6%          1
 Summon Small Mammal      Summ           88%        N/A       6%          1
 Wereblood                Tmut           26%        N/A       6%          2
 Conjure Ball Lightning   Conj/Air       33%        3x3d11    6%          6
 Starburst                Conj/Fire      33%        6d10      6%          6
 Call Imp                 Summ           22%        N/A       10%         2
 Corpse Rot               Necr/Air       44%        N/A       10%         2
 Ensorcelled Hibernation  Hex/Ice        44%        N/A       10%         2
 Poisonous Vapours        Pois/Air       44%        N/A       10%         2
 Scorch                   Fire           44%        2d7       10%         2
 Spider Form              Tmut/Pois      24%        N/A       16%         3
 Call Canine Familiar     Summ           22%        N/A       19%         3
 Confusing Touch          Hex            22%        N/A       19%         3
 Frozen Ramparts          Ice            44%        1d6       19%         3
 Gell's Gravitas          Tloc           22%        N/A       19%         3
 Summon Guardian Golem    Hex/Summ       22%        N/A       19%         3
 Teleport Other           Tloc           22%        N/A       19%         3
 Vampiric Draining        Necr           22%        2d7       19%         3
 Spellforged Servitor     Conj/Summ      33%        N/A       36%         7
 Ice Form                 Ice/Tmut       24%        N/A       50%         4
 Airstrike                Air            11%        N/A       54%         4
 Anguish                  Hex/Necr       11%        N/A       54%         4
 Animate Dead             Necr           11%        N/A       54%         4
 Cause Fear               Hex            11%        N/A       54%         4
 Dispel Undead            Necr           22%        3d12      54%         4
 Olgreb's Toxic Radiance  Pois           22%        N/A       54%         4
 Summon Lightning Spire   Summ/Air       22%        N/A       54%         4
 Alistair's Intoxication  Tmut/Pois      16%        N/A       85%         5
 Agony                    Necr           22%        N/A       89%         5
 Excruciating Wounds      Necr           11%        N/A       89%         5
 Metabolic Englaciation   Hex/Ice        11%        N/A       89%         5
 Summon Forest            Summ/Tloc      11%        N/A       89%         5
 Summon Mana Viper        Hex/Summ       22%        N/A       89%         5
 Death Channel            Necr           11%        N/A       100%        6
 Dispersal                Tloc           11%        N/A       100%        6
 Eringya's Noxious Bog    Tmut/Pois      12%        N/A       100%        6
 Simulacrum               Ice/Necr       11%        N/A       100%        6
 Summon Cactus Giant      Summ           11%        N/A       100%        6
 Dragon Form              Tmut           13%        N/A       100%        7
 Malign Gateway           Summ/Tloc      11%        N/A       100%        7
 Summon Hydra             Summ           11%        N/A       100%        7
 Borgnjor's Revivificati  Necr           11%        N/A       100%        8
 Discord                  Hex            11%        N/A       100%        8
 Disjunction              Tloc           11%        N/A       100%        8
 Ignition                 Fire           11%        3d5       100%        8
 Maxwell's Capacitive Co  Air            11%        ∞         100%        8
 Necromutation            Tmut/Necr      12%        N/A       100%        8
 Summon Horrible Things   Summ           11%        N/A       100%        8
 Chain Lightning          Conj/Air       33%        3d44      100%        9
 Death's Door             Necr           11%        N/A       100%        9
 Dragon's Call            Summ           11%        N/A       100%        9
 Fire Storm               Conj/Fire      33%        8d8       100%        9
 Statue Form              Tmut/Erth      Unusable   N/A       N/A         6
 Sublimation of Blood     Necr           Unusable   N/A       N/A         2

Dungeon Overview and Level Annotations

Branches:
Dungeon (15/15)            Temple (1/1) D:5            Lair (6/6) D:10
  Swamp (4/4) Lair:4        Snake (4/4) Lair:2        Slime (5/5) Lair:6
    Orc (2/2) D:10            Elf (3/3) Orc:2        Vaults (5/5) D:14
  Crypt (3/3) Vaults:3       Tomb (0/3) Crypt:3      Depths (4/4) D:15
   Hell (visited)             Dis (0/7) Hell            Geh (0/7) Hell
    Coc (0/7) Hell            Tar (0/7) Hell            Zot (0/5) Depths:4
  Sewer (visited)           IceCv (visited)

Altars:
Ashenzari
Cheibriados
Dithmenos
Elyvilon
Fedhas
Gozag
Hepliaklqana
Kikubaaqudgha
Makhleb
Nemelex Xobeh
Okawaru
Qazlal
Ru
Sif Muna
Trog
Uskayaw
Vehumet
Wu Jian
Xom
Yredelemnul
Zin
The Shining One
Beogh
Jiyva

Shops:
D:1 (   D:5 (   Orc:2 ****   Elf:1 !   Elf:3 *[(   Snake:1 (?   Snake:3 =:=
Vaults:3 :   Depths:1 **=

Portals:
Hell: Depths:1 Depths:2 Depths:3 Depths:4
Abyss: Depths:3
Pandemonium: Depths:2
Ziggurat: Depths:3

Annotations:
Swamp:3 3 runed translucent doors, Ysuot's ghost, journeyman OpWn
Slime:5 Royal Jelly
Vaults:1 1 runed translucent door, eruonna's ghost, veteran HOBe


Innate Abilities, Weirdness & Mutations

You are immune to sickness and miasma.
Your stone body is resilient. (AC +20)
You are immune to poison.
Your large and strong wings let you fly.
You resist negative energy. (rN+)
You are resistant to electric shocks. (rElec)
You are resistant to unholy torment.
You are immune to petrification.
You have a pair of small horns on your head.
You are partially covered in iridescent scales. (AC +2)
You have a somewhat thin skeletal structure. (Dex +2, Stealth+)
You are somewhat resistant to further mutation.
You are weak. (Str -2)
Your spells are a little easier to cast, but a little less powerful.
You sometimes lose the ability to read scrolls when taking damage.


Message History

You block the Brimstone Fiend's attack.
The Brimstone Fiend hits you but does no damage.
The Brimstone Fiend barely misses you. You block the hellion's attack.
Unknown command.
Casting: Iron Shot (safe; 1% risk of failure)
Confirm with . or Enter, or press ? or * to list all spells.
You feel a surge of power!
The dungeon rumbles!
The Brimstone Fiend is heavily wounded.
You kill the hellion!
You kill the chaos spawn!
The chaos spawn degenerates into a cloud of primal chaos!
You kill the demonic crawler!
Ka-crash!
You block the Brimstone Fiend's attack.
The Brimstone Fiend hits you but does no damage.
You block the Brimstone Fiend's attack.
A demonic crawler comes into view.
Your Staves skill increases to level 8!
Unknown command.
Casting: Shatter (dangerous; 13% risk of failure)
Confirm with . or Enter, or press ? or * to list all spells.
Aiming: Iron Shot (safe; 1% risk of failure)
Press: ? - help, Shift-Dir - straight line, f - Brimstone Fiend
Aim: a Brimstone Fiend (heavily wounded, absorbing vital energies, 90% to hit)
You feel a surge of power!
The iron shot hits the Brimstone Fiend!!
The Brimstone Fiend is almost dead.
The Brimstone Fiend gestures at you.
The sphere of damnation explodes!
The damnation engulfs you!!!
* * * LOW HITPOINT WARNING * * *
The damnation engulfs the Brimstone Fiend.
The Brimstone Fiend completely resists.
A chaos spawn comes into view.
Unknown command.
You barely miss the Brimstone Fiend.
You headbutt the Brimstone Fiend, but do no damage.
The Brimstone Fiend is almost dead.
The Brimstone Fiend gestures at you.
The sphere of damnation explodes!
The damnation engulfs you!!
You die...

#...... 4...φ.. #......
. s∩... #......
..###.... #..#....
........) ###.##.#.....
. ...#..# .......#.....
#.. ...†##..............
#...#1.................
#..@..##....####....
#.......#.......###.....
..#.#.... #.............
#.#.#....##....###.....
#..#.......#.## ##....
...........## ##...
##.##....#... #### ..
.....##..#


You could see a Brimstone Fiend (black mark), a demonic crawler and a chaos
spawn.

Vanquished Creatures
  3 dread liches
  Mara (Snake:4)
  4 ancient liches
  Mennas (Vaults:4)
  A juggernaut (Depths:2)
  The ghost of quaternion the Impregnable, a veteran MiFi of Makhleb (Vaults:3)
  the Lernaean hydra (Swamp:3)
  Xtahua (Vaults:2)
  Bai Suzhen (Vaults:4)
  The ghost of DizzySkin the Executioner, a veteran MiBe of Trog (Vaults:2)
  Margery (Vaults:4)
  Geryon (Hell)
  A profane servitor (Crypt:1)
  4 golden dragons
  2 bone dragons
  4 Brimstone Fiends (Pan)
  The ghost of SpeedRobin the Orderly, an adept DDFi of Makhleb (Vaults:3)
  A shard shrike zombie (Crypt:2)
  Jorgrun (Lair:4)
  An Ice Fiend (Pan)
  7 tentacled monstrosities
  The ghost of Xafer the Impaler, an adept DsGl of Okawaru (Vaults:3)
  6 liches
  6 titans
  Asterion (Vaults:2)
  A deep elf blademaster (Elf:3)
  A walking divine tome (Depths:3)
  3 quicksilver dragons (Vaults:4)
  A walking frostbound tome (Depths:3)
  3 deep elf master archers (Elf:3)
  13 acid blobs
  9 ancient champions
  Frances (Elf:1)
  4 sphinxes
  Kirke (D:15)
  4 thorn hunters
  7 shadow dragons
  10 nagarajas
  5 storm dragons
  Roxanne (Swamp:3)
  4 revenants
  A demonspawn warmonger (Pan)
  7 azure jellies
  The ghost of Keoguots the Thaumaturge, an adept GnSk of Makhleb (Swamp:4)
  4 tengu reavers
  A draconian knight (Depths:4)
  11 fire giants
  An azure jelly (shapeshifter) (Vaults:2)
  7 rockslimes
  9 frost giants
  A caustic shrike zombie (Depths:3)
  4 deep elf sorcerers
  Aizul (Snake:1)
  20 vault wardens
  5 iron dragons
  An orc warlord (Orc:1)
  A juggernaut zombie (Hell)
  2 balrugs
  3 cacodemons (Pan)
  Louise (Elf:1)
  4 deep elf elementalists (Elf:3)
  2 curse skulls
  4 spectral caustic shrikes (Depths:3)
  6 ghouls
  An angel (Pan)
  A caustic shrike skeleton (Crypt:2)
  4 spriggan defenders
  6 war gargoyles
  8 quicksilver oozes
  A draconian annihilator (Depths:4)
  18 ironbound preservers
  14 reapers
  A demonspawn corrupter (Pan)
  21 very ugly things
  2 demonspawn blood saints (Pan)
  A juggernaut skeleton (Crypt:2)
  13 stone giants
  A green draconian (Depths:4)
  12 vampire knights
  5 deep elf demonologists
  Nessos (D:15)
  A black draconian (Depths:4)
  4 eleionomae
  18 dire elephants
  2 demonspawn black suns (Pan)
  A purple draconian (Depths:4)
  9 ironbound thunderhulks
  Azrael (Elf:1)
  6 deep elf annihilators
  11 bunyips
  6 entropy weavers
  A minotaur (Lair:1)
  A lorocyproca (Pan)
  6 spark wasps
  12 deep elf death magi
  7 eidola
  6 blizzard demons
  A merfolk impaler (Depths:1)
  3 green deaths (Pan)
  4 jiangshi
  3 deep elf high priests
  2 pearl dragon zombies (Crypt:1)
  10 ettins
  9 fire dragons
  A spectral fenstrider witch (Swamp:4)
  11 great orbs of eyes
  A kraken zombie (Hell)
  18 yaktaur captains
  8 boulder beetles
  10 ogre magi
  8 ice dragons
  A shambling mangrove (Swamp:3)
  2 ghost crabs
  3 rakshasas
  27 hydras
  7 spriggan air magi
  3 peacekeepers
  11 naga warriors
  14 ironbound frosthearts
  A salamander tyrant (Snake:4)
  The ghost of dracomuter the Spear-Bearer, a journeyman VSFi of Fedhas (Lair:2)
  A merfolk avatar (Lair:6)
  2 spriggan skeletons
  40 vault guards
  4 hell beasts
  17 anacondas
  11 centaur warriors
  3 death knights
  The ghost of Kautumes the Cleaver, a journeyman GrBe of Trog (Lair:1)
  5 alligators
  9 two-headed ogres
  7 deep troll shamans
  11 orc high priests
  5 deep troll earth magi
  28 dancing weapons
  11 vampire magi
  4 hell hogs
  4 tengu warriors
  9 death yaks
  Urug (Orc:1)
  54 hell knights
  The ghost of Elsvaer the Thaumaturge, a journeyman DECj of Vehumet (D:11)
  A titan zombie (Hell)
  11 deep elf knights
  13 naga sharpshooters
  5 spriggan berserkers
  24 sun demons
  9 shock serpents
  25 soul eaters
  Nergalle (Orc:1)
  2 salamander mystics (Snake:4)
  39 skeletal warriors
  An iron giant zombie (Hell)
  2 deep trolls (shapeshifter)
  4 shadow wraiths
  An iron troll (Depths:1)
  57 deep trolls
  A sixfirhy (Pan)
  2 goliath frogs
  4 glowing orange brains
  2 shadow demons (Elf:2)
  5 spriggan druids
  A spectral hydra (Swamp:4)
  14 deep elf archers
  5 flayed ghosts
  21 phantasmal warriors
  A tengu zombie (Vaults:1)
  7 swamp dragons
  16 bog bodies
  An orange crystal statue (Elf:2)
  A golden dragon skeleton (Depths:3)
  5 lindwurms
  3 orc knights
  19 wizards
  A bunyip skeleton (Crypt:3)
  8 harpies
  An anaconda skeleton (Hell)
  22 ironbound convokers
  2 sphinx zombies (Vaults:1)
  6 naga ritualists
  27 deep elf pyromancers
  28 deep elf zephyrmancers
  A wolf spider (D:15)
  8 salamanders
  14 necromancers
  A tengu skeleton (Vaults:5)
  An iron dragon zombie (Depths:3)
  5 manticores
  A sphinx skeleton (Vaults:1)
  12 mana vipers
  4 orc sorcerers
  7 will-o-the-wisps
  3 elephants
  5 shining eyes
  4 cyclopes
  64 ugly things
  A dire elephant zombie (Hell)
  A human skeleton (Vaults:1)
  23 vault sentinels
  8 rust devils
  An elf zombie (Vaults:1)
  10 centaur zombies
  16 naga magi
  A black mamba (shapeshifter) (Vaults:4)
  4 orange demons (Pan)
  2 ice statues (Hell)
  4 apis skeletons (Crypt:1)
  12 smoke demons
  6 eyes of devastation (Slime:5)
  35 black mambas
  9 guardian serpents
  2 molten gargoyles (Hell)
  2 gargoyles
  3 demonic crawlers
  17 cane toads
  A green draconian zombie (Crypt:3)
  5 rime drakes
  2 sea snake zombies
  7 freezing wraiths
  2 kobold demonologists (Elf:2)
  A tormentor (Pan)
  3 tengu conjurers (D:15)
  5 hellions
  34 yaktaurs
  A yaktaur skeleton (Vaults:1)
  2 red devils
  2 anaconda simulacra (Hell)
  10 komodo dragons
  2 ice devils (Lair:3)
  5 guardian mummies (Crypt:3)
  A red draconian skeleton (Crypt:1)
  5 bloated husks
  A harpy zombie (D:15)
  3 trolls
  12 tyrant leeches
  15 hornets
  A tarantella (Vaults:5)
  5 polar bears
  4 dream sheep (Lair:4)
  An iron troll skeleton (Crypt:3)
  A death drake skeleton (Crypt:1)
  Prince Ribbit (D:5)
  25 blink frogs
  An iron dragon simulacrum (Hell)
  88 slime creatures
  2 hydra skeletons (Hell)
  A harpy skeleton (Hell)
  An ettin zombie (Vaults:5)
  18 large abominations (Pan)
  4 flying skulls (Crypt:3)
  A snapping turtle (Lair:6)
  2 shadows (D:9)
  2 air elementals
  An alligator skeleton (Hell)
  An ettin skeleton (Vaults:1)
  11 spriggans
  7 wraiths
  4 vampires
  5 wyverns
  15 water elementals
  A centaur simulacrum (Hell)
  A yak (shapeshifter) (D:15)
  10 ynoxinuls
  4 hogs
  A fire elemental (Elf:1)
  A spriggan (shapeshifter) (Elf:2)
  43 yaks
  8 basilisks
  4 chaos spawn (Pan)
  12 golden eyes
  3 elf skeletons
  A steam dragon (Lair:6)
  A demonspawn zombie (Crypt:3)
  8 vampire mosquitoes
  11 redbacks
  Menkaure (D:5)
  2 spriggan simulacra (Swamp:4)
  A swamp worm (shapeshifter) (Vaults:5)
  18 swamp worms
  6 wargs
  Edmund (D:5)
  An acid dragon (D:12)
  56 nagas
  12 water moccasins
  A naga skeleton (Crypt:3)
  2 water moccasins (shapeshifter) (Vaults:5)
  A demonspawn skeleton (Crypt:3)
  A hydra simulacrum (Swamp:4)
  12 swamp drakes
  6 hell hounds
  4 floating eyes
  29 orc warriors
  2 hornet zombies
  A sky beast (D:6)
  3 necrophages
  3 boggarts
  A manticore zombie (Crypt:3)
  6 wolves
  4 ogres
  A dream sheep zombie (Crypt:1)
  4 centaurs
  A snapping turtle skeleton (Crypt:1)
  2 kobold brigands (Sewer)
  14 bullfrogs
  A draconian zombie (Crypt:2)
  A komodo dragon skeleton (Crypt:1)
  3 scorpions
  A wyvern zombie (D:7)
  2 earth elementals
  A glowing shapeshifter simulacrum (Vaults:5)
  A naga simulacrum (Crypt:2)
  A water moccasin zombie (D:6)
  A wyvern skeleton (D:6)
  An elephant simulacrum (IceCv)
  6 killer bees
  A wight (D:8)
  3 electric eels (Elf:3)
  5 howler monkeys
  A jelly (D:4)
  A bullfrog zombie (D:7)
  A hound (shapeshifter) (Vaults:5)
  Crazy Yiuf (D:2)
  2 centaur skeletons
  3 gnoll shamans
  37 orc priests
  A bullfrog skeleton (D:6)
  3 iguanas
  Ijyb (D:4)
  Terence (D:2)
  39 orc wizards
  3 hell rats (Hell)
  2 polar bear simulacra (IceCv)
  2 dwarf zombies
  A wolf simulacrum (IceCv)
  A deep dwarf zombie (Crypt:1)
  An acid dragon skeleton (Crypt:2)
  A hound skeleton (D:4)
  6 mummies (Crypt:3)
  A howler monkey zombie (D:9)
  Robin (D:2)
  9 gnolls
  A steam dragon zombie (Crypt:3)
  7 adders
  A shadow imp (D:6)
  A white imp (D:7)
  2 ufetubi
  A halfling zombie (Crypt:2)
  A worm zombie (Crypt:2)
  A dart slug (D:1)
  83 orcs
  3 bats
  6 endoplasms
  5 giant cockroaches
  A gnoll zombie (Crypt:3)
  18 goblins
  8 hobgoblins
  14 kobolds
  5 quokkas
  10 ball pythons
  4 frilled lizards
  A jackal zombie (Crypt:1)
  12 rats
  A river rat skeleton (Crypt:2)
2451 creatures vanquished.

Vanquished Creatures (others)
  A pandemonium lord (Pan)
  A two-headed ogre (D:13)
  2 bloated husks
  2 humans (D:15)
  A hell rat (Hell)
  7 briar patches
  A bush (Swamp:4)
  42 foxfires
  56 fungi
  91 plants
  9 tentacles (Hell)
213 creatures vanquished.

Grand Total: 2664 creatures vanquished

Notes
Turn   | Place    | Note
-------+----------+-------------------------------------------
     0 | D:1      | Kaptain the Gargoyle Earth Elementalist began the quest for
                  | the Orb.
     0 | D:1      | Reached XP level 1. HP: 10/10 MP: 3/3
    62 | D:1      | Found Acsank's Antique Weapon Emporium.
   295 | D:1      | Reached XP level 2. HP: 15/15 MP: 5/5
   627 | D:1      | Reached XP level 3. HP: 20/20 MP: 6/6
  1016 | D:2      | Reached skill level 1 in Fighting
  1024 | D:2      | Reached skill level 4 in Earth Magic
  1054 | D:2      | Noticed Terence
  1133 | D:2      | Reached skill level 1 in Conjurations
  1168 | D:2      | Learned a level 3 spell: Stone Arrow
  1222 | D:2      | Reached XP level 4. HP: 25/25 MP: 7/7
  1225 | D:2      | Found a faded altar of an unknown god.
  1230 | D:2      | Noticed an eye of devastation
  1238 | D:2      | Noticed a floating eye
  1238 | D:2      | Noticed a golden eye
  1238 | D:2      | Noticed a great orb of eyes
  1290 | D:2      | Found a runed translucent door.
  1317 | D:2      | Identified the +8 short sword of Contention {protect, rC-
                  | Dex+4 SInv Stlth+}
  1430 | D:2      | Killed Terence
  1431 | D:2      | Reached skill level 1 in Shields
  1463 | D:2      | Noticed Robin
  1479 | D:2      | Killed Robin
  1480 | D:2      | Reached XP level 5. HP: 28/30 MP: 9/9
  1496 | D:2      | Reached skill level 1 in Armour
  1832 | D:2      | Noticed Crazy Yiuf
  1940 | D:2      | Killed Crazy Yiuf
  2638 | D:3      | Found a glowing drain.
  2643 | Sewer    | Entered a sewer
  2851 | Sewer    | Noticed a kobold brigand
  2851 | Sewer    | Noticed a kobold brigand
  2867 | Sewer    | Killed a kobold brigand
  2868 | Sewer    | Reached XP level 6. HP: 21/36 MP: 2/10
  2878 | Sewer    | Reached skill level 5 in Earth Magic
  3274 | D:4      | Found a white marble altar of Elyvilon.
  3274 | D:4      | Noticed a necrophage
  3281 | D:4      | Killed a necrophage
  3282 | D:4      | Reached XP level 7. HP: 41/41 MP: 1/12
  3747 | D:4      | Noticed Ijyb
  3753 | D:4      | Killed Ijyb
  3971 | D:4      | Learned a level 5 spell: Lee's Rapid Deconstruction
  4154 | D:5      | Entered Level 5 of the Dungeon
  4205 | D:5      | Noticed Prince Ribbit
  4210 | D:5      | Killed Prince Ribbit
  4448 | D:5      | Found a hazy altar of Hepliaklqana.
  4522 | D:5      | Found Qinicith's Weapon Shop.
  4600 | D:5      | Noticed Menkaure
  4606 | D:5      | Killed Menkaure
  4607 | D:5      | Reached XP level 8. HP: 48/48 MP: 3/14
  4699 | D:5      | Found a shimmering blue altar of Sif Muna.
  4705 | D:5      | Reached skill level 6 in Earth Magic
  4831 | D:5      | Noticed Edmund
  4837 | D:5      | Killed Edmund
  4945 | D:5      | Found a staircase to the Ecumenical Temple.
  4965 | Temple   | Entered the Ecumenical Temple
  5689 | D:5      | Identified the +6 rapier of the Sky {freeze, Drain rElec
                  | Dex+10 Stlth-}
  6656 | D:6      | Reached skill level 5 in Fighting
  6656 | D:6      | Reached skill level 5 in Conjurations
  6656 | D:6      | Reached XP level 9. HP: 54/54 MP: 16/16
  6785 | D:6      | Reached skill level 7 in Earth Magic
  7243 | D:7      | Reached skill level 5 in Spellcasting
  8565 | D:8      | Identified the amulet of Vehumet's Supremacy {Reflect rElec
                  | rF++ rCorr Dex+4 SH+5}
  8761 | D:8      | Noticed a hornet
  8776 | D:8      | Killed a hornet
  8777 | D:8      | Reached skill level 5 in Stealth
  8777 | D:8      | Reached skill level 8 in Earth Magic
  8777 | D:8      | Reached XP level 10. HP: 56/60 MP: 2/18
  8938 | D:8      | Identified the +1 leather armour of the Bagpipe {rF+ rN+
                  | Str-3}
  9786 | D:8      | Identified the ring "Acveqatu" {Wiz rF- Str-5 Dex+9 SInv}
  9806 | D:8      | Noticed a manticore
  9809 | D:8      | Killed a manticore
 10101 | D:8      | Noticed a two-headed ogre
 10108 | D:8      | Killed a two-headed ogre
 10109 | D:8      | Reached skill level 5 in Shields
 10284 | D:8      | Noticed a deep elf pyromancer
 10285 | D:8      | Noticed a two-headed ogre
 10288 | D:8      | Killed a deep elf pyromancer
 10289 | D:8      | Reached skill level 5 in Armour
 10289 | D:8      | Reached skill level 9 in Earth Magic
 10290 | D:8      | Killed a two-headed ogre
 10578 | D:9      | Reached XP level 11. HP: 68/68 MP: 17/21
 10884 | D:9      | Noticed a two-headed ogre
 11033 | D:9      | Killed a two-headed ogre
 12123 | D:10     | Entered Level 10 of the Dungeon
 12200 | D:10     | Found a staircase to the Orcish Mines.
 12411 | D:10     | Found a staircase to the Lair.
 12661 | D:10     | Noticed an ogre mage
 12661 | D:10     | Noticed a two-headed ogre
 12661 | D:10     | Noticed a two-headed ogre
 12663 | D:10     | Noticed a two-headed ogre
 12665 | D:10     | Killed a two-headed ogre
 12666 | D:10     | Reached skill level 10 in Earth Magic
 12667 | D:10     | Noticed a two-headed ogre
 12669 | D:10     | Killed a two-headed ogre
 12669 | D:10     | Killed an ogre mage
 12704 | D:9      | Killed a two-headed ogre
 12926 | D:10     | Killed a two-headed ogre
 13194 | D:10     | You fall into a shaft and drop 3 floors!
 13213 | D:11     | Noticed a two-headed ogre
 13218 | D:11     | Killed a two-headed ogre
 13322 | D:11     | Reached XP level 12. HP: 71/76 MP: 5/24
 14237 | Lair:1   | Entered Level 1 of the Lair of Beasts
 14502 | D:11     | Found a runed translucent door.
 14503 | D:11     | Noticed Elsvaer's ghost (journeyman DECj)
 14525 | D:11     | Killed Elsvaer's ghost
 14619 | Lair:1   | Reached skill level 11 in Earth Magic
 14773 | Lair:1   | Noticed a minotaur
 14775 | Lair:1   | Noticed Kautumes's ghost (journeyman GrBe)
 14881 | Lair:1   | Found a runed translucent gate.
 14881 | Lair:1   | Found a runed translucent gate.
 14882 | Lair:1   | Found a runed translucent gate.
 15854 | Lair:2   | Reached skill level 10 in Conjurations
 15857 | Lair:1   | Reached skill level 10 in Fighting
 16366 | Lair:2   | Found a staircase to the Snake Pit.
 16477 | Lair:2   | Noticed an eight-headed hydra
 16482 | Lair:2   | Killed an eight-headed hydra
 16761 | Lair:2   | Found a runed translucent gate.
 16761 | Lair:2   | Found a runed translucent gate.
 16761 | Lair:2   | Found a runed translucent gate.
 16762 | Lair:2   | Noticed dracomuter's ghost (journeyman VSFi)
 16764 | Lair:2   | Noticed a boulder beetle
 16808 | Lair:2   | Noticed a five-headed hydra
 16903 | Lair:2   | Killed a five-headed hydra
 16904 | Lair:2   | Reached XP level 13. HP: 83/83 MP: 11/26
 16992 | Lair:2   | Reached skill level 12 in Earth Magic
 17267 | Lair:2   | Killed dracomuter's ghost
 18391 | Lair:3   | Found a frozen archway.
 18410 | IceCv    | Entered an ice cave
 18554 | IceCv    | Found a transporter.
 18729 | IceCv    | Found a transporter.
 20277 | Lair:4   | Found a staircase to the Swamp.
 20836 | Lair:4   | Reached skill level 10 in Spellcasting
 20928 | Lair:4   | Reached skill level 13 in Earth Magic
 21515 | Lair:5   | Gained mutation: Your large and strong wings let you fly.
                  | [Gargoyle growth]
 21515 | Lair:5   | Reached XP level 14. HP: 90/90 MP: 16/28
 21522 | Lair:5   | Reached skill level 5 in Dodging
 21870 | Lair:5   | Identified the +10 flail "Fograg" {holy, *Rage Fly rPois}
 22381 | Orc:1    | Entered Level 1 of the Orcish Mines
 22952 | Orc:2    | Entered Level 2 of the Orcish Mines
 23006 | Orc:2    | Noticed an orc warlord
 23145 | Orc:1    | Killed an orc warlord
 23333 | Orc:2    | Found a staircase to the Elven Halls.
 24457 | Orc:2    | Found Taefru Riann's General Store.
 24457 | Orc:2    | Found Jakhuas's General Store.
 24458 | Orc:2    | Found Wir Geto's General Store.
 24461 | Orc:2    | Found Atsenun's General Store.
 25310 | Orc:1    | Noticed Nergalle
 25317 | Orc:1    | Killed Nergalle
 25558 | Orc:1    | Noticed Urug
 25568 | Orc:1    | Killed Urug
 26988 | Lair:6   | Entered Level 6 of the Lair of Beasts
 27473 | Lair:6   | Reached skill level 14 in Earth Magic
 27551 | Lair:6   | Identified the +8 chain mail "Irat" {rElec rF+}
 28134 | Lair:6   | Found a staircase to the Slime Pits.
 28447 | Lair:6   | Identified a scroll of acquirement
 28852 | Lair:6   | Reached XP level 15. HP: 97/97 MP: 20/30
 29807 | Swamp:1  | Entered Level 1 of the Swamp
 30083 | Swamp:1  | Noticed a ghoul
 30087 | Swamp:1  | Noticed a ghoul
 30102 | Lair:4   | Killed a ghoul
 30235 | Lair:4   | Killed a ghoul
 30785 | Swamp:1  | Noticed Jorgrun
 30794 | Swamp:1  | HP: 3/99 [bunyip (16)]
 31425 | Lair:4   | Killed Jorgrun
 31841 | Swamp:1  | Noticed a tentacled monstrosity
 31854 | Swamp:1  | Killed a tentacled monstrosity
 31990 | Swamp:1  | Reached skill level 15 in Earth Magic
 32707 | Swamp:2  | Noticed a tentacled monstrosity
 32898 | Swamp:2  | Identified the +8 trident "Iczig" {vorpal, rF+}
 33107 | Swamp:2  | Noticed a thorn hunter
 33156 | Swamp:2  | Killed a tentacled monstrosity
 33302 | Swamp:2  | Killed a thorn hunter
 34214 | Swamp:3  | Identified Roxanne's Collected Works on Transmutation
 34214 | Swamp:3  | Noticed Roxanne
 34218 | Swamp:3  | Killed Roxanne
 34219 | Swamp:3  | Reached XP level 16. HP: 105/105 MP: 20/31
 34220 | Swamp:3  | Noticed a thorn hunter
 34316 | Swamp:3  | Killed a thorn hunter
 34679 | Swamp:3  | Noticed a thorn hunter
 34681 | Swamp:3  | Found a runed translucent gate.
 34682 | Swamp:3  | Noticed a tentacled monstrosity
 34685 | Swamp:3  | Found a runed translucent gate.
 34685 | Swamp:3  | Found a runed translucent gate.
 34685 | Swamp:3  | Noticed Ysuot's ghost (journeyman OpWn)
 34685 | Swamp:3  | Noticed a fenstrider witch
 35145 | Swamp:3  | Reached skill level 10 in Armour
 35390 | Swamp:3  | Noticed a thorn hunter
 35403 | Swamp:3  | Killed a thorn hunter
 35434 | Swamp:3  | HP: 1/106 [bunyip (22)]
 36421 | Lair:1   | Killed Kautumes's ghost
 37021 | Swamp:4  | Entered Level 4 of the Swamp
 38028 | Swamp:4  | Noticed a thorn hunter
 38197 | Swamp:3  | Killed a thorn hunter
 38575 | Swamp:4  | Reached skill level 16 in Earth Magic
 39437 | Swamp:4  | Noticed the 27-headed Lernaean hydra
 39567 | Snake:1  | Entered Level 1 of the Snake Pit
 40305 | Snake:1  | Found Vuliuff's Magic Scroll Shoppe.
 40312 | Snake:1  | Bought a scroll of identify for 28 gold pieces
 40400 | Snake:1  | Noticed Aizul
 40425 | Snake:1  | Killed Aizul
 40579 | Snake:1  | Found Tuabb's Antique Weapon Boutique.
 41000 | Snake:1  | Reached XP level 17. HP: 112/112 MP: 13/33
 42424 | Snake:2  | Reached skill level 15 in Conjurations
 42682 | Snake:2  | Reached skill level 15 in Fighting
 42934 | Snake:2  | Identified the +1 ring mail of Filth {rElec rC- rN+++
                  | Stlth+}
 44705 | Snake:3  | Identified the +6 rapier of Poverty {flame, rElec}
 44905 | Snake:3  | Identified the +1 robe of Foolhardiness {rF++ Str-5}
 45311 | Snake:3  | Learned a level 6 spell: Iron Shot
 45337 | Snake:3  | Found Juagiul's Book Boutique.
 45338 | Snake:3  | Found Dak Inomeh's Jewellery Shoppe.
 45338 | Snake:3  | Found Okause's Jewellery Shoppe.
 45354 | Snake:3  | Bought a book of Annihilations for 780 gold pieces
 45364 | Snake:3  | Learned a level 9 spell: Shatter
 45370 | Snake:3  | Learned a level 5 spell: Iskenderun's Battlesphere
 46026 | Snake:3  | Bought a book of Burglary for 260 gold pieces
 46026 | Snake:3  | Bought a book of Dangerous Friends for 520 gold pieces
 46030 | Snake:3  | Learned a level 3 spell: Swiftness
 46038 | Snake:3  | Learned a level 7 spell: Orb of Destruction
 46051 | Snake:4  | Entered Level 4 of the Snake Pit
 46091 | Snake:3  | Reached skill level 17 in Earth Magic
 46246 | Snake:4  | Noticed Mara
 46253 | Snake:4  | Noticed Kaptain's illusion
 46254 | Snake:4  | Killed Mara
 47988 | Snake:4  | Reached XP level 18. HP: 120/120 MP: 7/35
 49176 | Snake:4  | Identified the +2 chain mail "Siuricod" {Int+2 Dex+5}
 51077 | Snake:4  | Got a serpentine rune of Zot
 52924 | D:13     | Gained mutation: You are frail. (-10% HP) [mutagenic glow]
 52928 | D:13     | Reached skill level 18 in Earth Magic
 52937 | D:13     | Gained mutation: You are dopey. (Int -2) [mutagenic glow]
 52957 | D:13     | Gained mutation: Your magical capacity is low. (-10% MP)
                  | [mutagenic glow]
 52973 | D:13     | Gained mutation: You are very dopey. (Int -4) [mutagenic
                  | glow]
 52989 | D:13     | Gained mutation: You are weak. (Str -2) [mutagenic glow]
 53058 | D:13     | Lost mutation: You are frail. (-10% HP) [potion of
                  | mutation]
 53058 | D:13     | Lost mutation: You are weak. (Str -2) [potion of mutation]
 53058 | D:13     | Gained mutation: Your flesh is cold resistant. (rC+)
                  | [potion of mutation]
 53059 | D:13     | Lost mutation: You are very dopey. (Int -4) [potion of
                  | mutation]
 53059 | D:13     | Lost mutation: Your magical capacity is low. (-10% MP)
                  | [potion of mutation]
 53059 | D:13     | Lost mutation: You are dopey. (Int -2) [potion of mutation]
 53059 | D:13     | Gained mutation: You have hidden genetic potential. [potion
                  | of mutation]
 53849 | D:14     | Found a shadowy altar of Dithmenos.
 54271 | D:14     | Identified the +6 war axe "Ifinot" {spect, Dex+7}
 54937 | D:14     | Found a gate to the Vaults.
 55298 | D:15     | Entered Level 15 of the Dungeon
 55395 | D:15     | Noticed Nessos
 55404 | D:15     | Killed Nessos
 55555 | D:15     | Noticed Kirke
 55632 | D:15     | Killed Kirke
 55715 | D:15     | Identified the +1 ring mail of Beogh's Grace {*Slow rF+
                  | rC+}
 55894 | D:15     | Identified the +2 dire flail "Dyosuw" {vamp, Dex+2}
 55900 | D:15     | Found a shimmering blue altar of Sif Muna.
 56150 | D:15     | Found a transporter.
 56150 | D:15     | Identified the ring of Duhu {rC- MP+9 Str+5 Dex+4}
 56244 | D:15     | Reached XP level 19. HP: 127/127 MP: 37/37
 56295 | D:15     | Found a shadowy altar of Dithmenos.
 56786 | D:15     | Found a transporter.
 56794 | D:15     | Identified the ring of Atoc {rPois rN+}
 57452 | D:15     | Identified the ring "Kotuufip" {rCorr AC+4}
 57535 | D:15     | Found a blossoming altar of Fedhas.
 58269 | D:15     | Found a staircase to the Depths.
 58400 | D:15     | Identified the +1 arbalest of Exhibitionism {speed, rElec
                  | rPois}
 58465 | Depths:1 | Entered Level 1 of the Depths
 58475 | Depths:1 | Found Beeggapadgh's Assorted Antiques.
 58480 | Depths:1 | Found Buamuf's Jewellery Shop.
 58481 | Depths:1 | Found Vagim's Weapon Boutique.
 59456 | Swamp:4  | Gained mutation: You expend magic power (3 MP) to
                  | strengthen your wands. [hidden potential]
 59711 | Swamp:4  | Got a decaying rune of Zot
 60442 | Swamp:4  | Noticed Keoguots's ghost (adept GnSk)
 60475 | Swamp:4  | Found a transporter.
 60507 | Swamp:4  | Found a transporter.
 60569 | Swamp:4  | Reached skill level 19 in Earth Magic
 60608 | Swamp:4  | Killed Keoguots's ghost
 60733 | Swamp:4  | Identified the -4 helmet of the Hidden Vale {Will+}
 60985 | Swamp:3  | Killed the 27-headed Lernaean hydra
 61259 | Lair:6   | Acquired a ring of willpower
 61260 | Lair:6   | Acquired the ring of the Evening {Wiz rF+ Int+5}
 61451 | Elf:1    | Entered Level 1 of the Elven Halls
 61656 | Elf:1    | Found a radiant altar of Vehumet.
 61692 | Elf:1    | Reached skill level 15 in Spellcasting
 62421 | Elf:1    | Noticed Frances
 62440 | Elf:1    | Killed Frances
 62802 | Elf:1    | Found Hisa Pil's Distillery.
 62819 | Elf:1    | Bought a potion of mutation for 96 gold pieces
 62819 | Elf:1    | Bought a potion of mutation for 96 gold pieces
 62819 | Elf:1    | Bought a potion of heal wounds for 60 gold pieces
 62819 | Elf:1    | Bought a potion of curing for 36 gold pieces
 62819 | Elf:1    | Bought a potion of curing for 36 gold pieces
 62819 | Elf:1    | Bought a potion of curing for 36 gold pieces
 62819 | Elf:1    | Bought 2 potions of curing for 72 gold pieces
 62999 | Elf:1    | Reached XP level 20. HP: 134/134 MP: 33/39
 63105 | Elf:1    | Noticed Louise
 63110 | Elf:1    | Killed Louise
 63270 | Elf:1    | Got the Incunabulum of Confrontation and Summoning
 63408 | Elf:1    | Noticed Azrael
 63418 | Elf:1    | Killed Azrael
 64269 | Elf:2    | Identified the +2 long sword of Egomania {drain, rC+ Dex+3}
 64296 | Elf:2    | Found a runed translucent gate.
 64296 | Elf:2    | Found a runed translucent gate.
 64344 | Elf:2    | Paralysed by an air elemental for 1 turns
 64346 | Elf:2    | Paralysed by an air elemental for 1 turns
 64350 | Elf:3    | Entered Level 3 of the Elven Halls
 64476 | Elf:2    | Paralysed by an air elemental for 1 turns
 64933 | Elf:2    | Found a shimmering blue altar of Sif Muna.
 64934 | Elf:2    | Identified the amulet "Jeobiutto" {RegenMP rC+ Str+7
                  | Stlth+}
 65557 | Elf:2    | Gained mutation: You are strong-willed. (Will+) [hidden
                  | potential]
 65557 | Elf:2    | Lost mutation: You have hidden genetic potential. [hidden
                  | potential expressed]
 65590 | Elf:2    | Found a runed translucent gate.
 66664 | Elf:3    | Found a shimmering blue altar of Sif Muna.
 66682 | Elf:3    | Found Koz Rie's Assorted Antiques.
 66687 | Elf:3    | Bought a scroll of blinking for 292 gold pieces
 66707 | Elf:3    | Found Zelimu's Antique Armour Shoppe.
 66782 | Elf:3    | Identified the +8 spear "Okeizad" {antimagic, Dex+2}
 67039 | Elf:3    | Found Hink's Weapon Shop.
 67884 | Elf:3    | Reached skill level 20 in Earth Magic
 68656 | Elf:3    | Identified the +6 chain mail of Makhleb's Vengeance {rF+++
                  | Str+4 Int-5 Slay+2}
 68890 | Elf:3    | Reached XP level 21. HP: 132/142 MP: 38/40
 68938 | Elf:3    | Found the +6 lightning scales {swift, rElec}
 68946 | Elf:3    | Got the Catalogue of Fiery Stones
 68953 | Elf:3    | Got the Handbook of Cloudy Intoxication
 68956 | Elf:3    | Identified the +1 scale mail of the Big Bang {Fly Str+7
                  | Dex-3 Stlth+}
 68957 | Elf:3    | Identified the +10 short sword of Qufrug {holy, Str+4
                  | Int+4}
 68959 | Elf:3    | Identified the +3 scimitar of the Smoking Eel {vorpal,
                  | Int+3}
 68963 | Elf:3    | Identified the +1 mace "Efey" {spect, *Corrode rN++ Int+3
                  | Dex+2}
 68964 | Elf:3    | Identified the +7 hand axe of Excruciating Pain {spect,
                  | Dex+8}
 69370 | Slime:1  | Entered Level 1 of the Pits of Slime
 71642 | Slime:4  | Gained mutation: Potions are less effective at restoring
                  | your health. [a shining eye]
 71646 | Slime:4  | Gained mutation: You are dopey. (Int -2) [a shining eye]
 72076 | Slime:3  | Gained mutation: You have hidden genetic defects. [a
                  | shining eye]
 72222 | Slime:3  | Lost mutation: Your flesh is cold resistant. (rC+) [potion
                  | of mutation]
 72222 | Slime:3  | Lost mutation: Potions are less effective at restoring your
                  | health. [potion of mutation]
 72222 | Slime:3  | Gained mutation: Your spells are a little easier to cast,
                  | but a little less powerful. [potion of mutation]
 72222 | Slime:3  | Gained mutation: Potions are less effective at restoring
                  | your health. [potion of mutation]
 72222 | Slime:3  | Lost mutation: You are dopey. (Int -2) [potion of mutation]
 72223 | Slime:3  | Lost mutation: You have hidden genetic defects. [potion of
                  | mutation]
 72223 | Slime:3  | Lost mutation: Potions are less effective at restoring your
                  | health. [potion of mutation]
 72223 | Slime:3  | Gained mutation: Your muscles are strong. (Str +2) [potion
                  | of mutation]
 72223 | Slime:3  | Gained mutation: Your flesh is heat resistant. (rF+)
                  | [potion of mutation]
 72223 | Slime:3  | Gained mutation: You are dopey. (Int -2) [potion of
                  | mutation]
 72546 | Slime:5  | Entered Level 5 of the Pits of Slime
 73620 | Slime:5  | Reached skill level 1 in Staves
 73694 | Slime:5  | Noticed the Royal Jelly
 74054 | Slime:4  | Gained mutation: You tend to lose your temper in combat. [a
                  | shining eye]
 74057 | Slime:4  | Gained mutation: Your body sometimes deteriorates upon
                  | taking damage. [a shining eye]
 74198 | Slime:4  | Lost mutation: You tend to lose your temper in combat.
                  | [potion of mutation]
 74198 | Slime:4  | Lost mutation: You expend magic power (3 MP) to strengthen
                  | your wands. [potion of mutation]
 74198 | Slime:4  | Lost mutation: Your muscles are strong. (Str +2) [potion of
                  | mutation]
 74198 | Slime:4  | Gained mutation: You are clumsy. (Dex -2) [potion of
                  | mutation]
 74198 | Slime:4  | Gained mutation: You passively dampen the noise of your
                  | surroundings. [potion of mutation]
 74198 | Slime:4  | Gained mutation: A frigid envelope surrounds you and
                  | freezes all who hurt you. [potion of mutation]
 74199 | Slime:4  | Lost mutation: You are strong-willed. (Will+) [potion of
                  | mutation]
 74199 | Slime:4  | Lost mutation: You are clumsy. (Dex -2) [potion of
                  | mutation]
 74199 | Slime:4  | Lost mutation: A frigid envelope surrounds you and freezes
                  | all who hurt you. [potion of mutation]
 74199 | Slime:4  | Gained mutation: You sometimes lose the ability to read
                  | scrolls when taking damage. [potion of mutation]
 74200 | Slime:4  | Lost mutation: You sometimes lose the ability to read
                  | scrolls when taking damage. [potion of mutation]
 74200 | Slime:4  | Lost mutation: You passively dampen the noise of your
                  | surroundings. [potion of mutation]
 74200 | Slime:4  | Lost mutation: Your body sometimes deteriorates upon taking
                  | damage. [potion of mutation]
 74200 | Slime:4  | Gained mutation: You have a pair of small horns on your
                  | head. [potion of mutation]
 74200 | Slime:4  | Gained mutation: You are very dopey. (Int -4) [potion of
                  | mutation]
 74200 | Slime:4  | Gained mutation: You are frail. (-10% HP) [potion of
                  | mutation]
 74200 | Slime:4  | Lost mutation: You are very dopey. (Int -4) [potion of
                  | mutation]
 74201 | Slime:4  | Lost mutation: Your flesh is heat resistant. (rF+) [potion
                  | of mutation]
 74201 | Slime:4  | Lost mutation: You are frail. (-10% HP) [potion of
                  | mutation]
 74201 | Slime:4  | Lost mutation: You are dopey. (Int -2) [potion of mutation]
 74201 | Slime:4  | Gained mutation: Your natural rate of healing is unusually
                  | fast. [potion of mutation]
 74201 | Slime:4  | Gained mutation: Armour fits poorly on your strangely
                  | shaped body. [potion of mutation]
 74201 | Slime:4  | Gained mutation: You have a somewhat thin skeletal
                  | structure. (Dex +2, Stealth+) [potion of mutation]
 75469 | Slime:5  | Found a viscous altar of Jiyva.
 75475 | Slime:5  | Found the +3 warlock's mirror {reflect}
 75476 | Slime:5  | Gained mutation: You are weak. (Str -2) [a shining eye]
 75580 | Slime:5  | Got a slimy rune of Zot
 75592 | Slime:5  | Identified the +7 morningstar "Wibes" {drain, rElec}
 75661 | Slime:5  | Identified the ring of Keguchaj {rF+ rN+ Str-3 SInv}
 75708 | Slime:5  | Identified the +7 scythe of Guilt {pain, rElec rPois Str+3
                  | Dex+2}
 76017 | Lair:6   | Lost mutation: Armour fits poorly on your strangely shaped
                  | body. [potion of mutation]
 76017 | Lair:6   | Lost mutation: You have a pair of small horns on your head.
                  | [potion of mutation]
 76017 | Lair:6   | Lost mutation: Your natural rate of healing is unusually
                  | fast. [potion of mutation]
 76017 | Lair:6   | Gained mutation: You are partially covered in iridescent
                  | scales. (AC +2) [potion of mutation]
 76017 | Lair:6   | Gained mutation: You have a pair of small horns on your
                  | head. [potion of mutation]
 76552 | Depths:1 | Found a gateway to Hell.
 77813 | Snake:3  | Bought the ring "Zowett" {rC+ rN+ Dex+4} for 624 gold
                  | pieces
 78550 | Depths:1 | Found Fin Loev's Blood Bar.
 78993 | Depths:2 | Noticed a juggernaut
 79164 | Depths:2 | Killed a juggernaut
 79233 | Depths:2 | Reached skill level 21 in Earth Magic
 79287 | Depths:2 | Reached XP level 22. HP: 148/149 MP: 20/42
 79292 | Depths:2 | Noticed a golden dragon
 79312 | Depths:2 | Killed a golden dragon
 79823 | Depths:2 | Reached skill level 10 in Shields
 79936 | Depths:1 | Identified the +12 quarterstaff of Nemelex Xobeh {flame,
                  | Int+4}
 80060 | Depths:2 | Found a shimmering blue altar of Sif Muna.
 80147 | Depths:2 | Identified the +3 pair of gloves "Kueck" {rPois Str-5 Int+9
                  | Stlth+}
 80581 | Depths:2 | Got Sif Muna's Compendium of Icy Attacks
 80718 | Depths:2 | Found a one-way gate leading to the halls of Pandemonium.
 81195 | Depths:3 | Paralysed by a floating eye for 4 turns
 82220 | Depths:3 | Identified the ring of Iphairph {Int+2 Slay+4}
 82234 | Depths:3 | Identified the +1 scale mail "Umpitaka" {MP+9 Str+3}
 82476 | Depths:3 | Noticed a dread lich
 82476 | Depths:3 | Noticed an ancient lich
 82477 | Depths:3 | Found a one-way gateway to a ziggurat.
 82481 | Depths:3 | Killed an ancient lich
 82514 | Depths:3 | Killed a dread lich
 82541 | Depths:3 | Found a one-way gate to the infinite horrors of the Abyss.
 83240 | Depths:3 | Identified the +0 chain mail of Kiorub {Dex+2 SInv}
 83923 | Depths:4 | Entered Level 4 of the Depths
 84464 | Depths:4 | Noticed a golden dragon
 84466 | Depths:4 | Killed a golden dragon
 85293 | Depths:4 | Reached XP level 23. HP: 156/156 MP: 26/44
 85601 | Depths:4 | Found a white marble altar of Elyvilon.
 86150 | Depths:4 | Found a gate to the Realm of Zot.
 86154 | Depths:4 | Reached skill level 5 in Staves
 87151 | Vaults:1 | Entered Level 1 of the Vaults
 87344 | Vaults:1 | Reached skill level 22 in Earth Magic
 88377 | Vaults:1 | Reached skill level 1 in Evocations
 89728 | Vaults:1 | Found a shimmering altar of Xom.
 89728 | Vaults:1 | Noticed eruonna's ghost (veteran HOBe)
 89729 | Vaults:1 | Found a runed translucent door.
 89729 | Vaults:1 | Identified the +1 bardiche of Xurgh {chaos, rPois}
 90955 | Vaults:2 | Noticed Asterion
 90962 | Vaults:2 | Killed Asterion
 91750 | Vaults:2 | Reached skill level 15 in Armour
 92289 | Vaults:2 | Reached XP level 24. HP: 154/164 MP: 32/44
 92612 | Vaults:2 | Noticed Xtahua
 92776 | Vaults:2 | Paralysed by a great orb of eyes for 7 turns
 94308 | Vaults:2 | Paralysed by Xtahua for 4 turns
 94315 | Vaults:2 | Killed Xtahua
 95048 | Vaults:3 | Found a staircase to the Crypt.
 95088 | Vaults:3 | Found Qial's Book Shoppe.
 95704 | Vaults:3 | Found a runed translucent gate.
 95704 | Vaults:3 | Found a runed translucent gate.
 95706 | Vaults:3 | Found a runed translucent gate.
 95706 | Vaults:3 | Noticed SpeedRobin's ghost (adept DDFi)
 95706 | Vaults:3 | Noticed Xafer's ghost (adept DsGl)
 95708 | Vaults:3 | Noticed DizzySkin's ghost (veteran MiBe)
 95708 | Vaults:3 | Noticed quaternion's ghost (veteran MiFi)
 95864 | Vaults:3 | Reached skill level 23 in Earth Magic
 96201 | Vaults:3 | Killed quaternion's ghost
 96387 | Vaults:3 | Killed Xafer's ghost
 96602 | Vaults:3 | Killed SpeedRobin's ghost
 97508 | Vaults:2 | Killed DizzySkin's ghost
 98722 | Vaults:4 | Noticed Bai Suzhen
 98741 | Vaults:4 | Killed Bai Suzhen
 98743 | Vaults:4 | Noticed Mennas
 98925 | Vaults:4 | Killed Mennas
 99853 | Vaults:4 | Reached XP level 25. HP: 172/172 MP: 15/45
100606 | Vaults:4 | Noticed Margery
100613 | Vaults:4 | Killed Margery
100614 | Vaults:4 | Reached skill level 5 in Evocations
102204 | Vaults:5 | Entered Level 5 of the Vaults
102204 | Vaults:5 | Noticed a dread lich
102208 | Vaults:5 | Reached skill level 24 in Earth Magic
102208 | Vaults:5 | Killed a dread lich
102630 | Vaults:5 | Noticed an ancient lich
102846 | Vaults:5 | Killed an ancient lich
103689 | Vaults:5 | Reached XP level 26. HP: 173/180 MP: 37/46
103884 | Vaults:5 | Noticed an ancient lich
103888 | Vaults:5 | Killed an ancient lich
105273 | Vaults:5 | Got a silver rune of Zot
105676 | Vaults:5 | Identified the +0 robe of Vaclimp {rF+ rCorr}
106213 | Vaults:5 | Identified the +3 hunting sling "Fiskuwiv" {flame, rPois
                  | Str+5 Dex+7}
106553 | Hell     | Entered the Vestibule of Hell
106553 | Hell     | Noticed Geryon
106964 | Hell     | Reached skill level 25 in Earth Magic
107691 | Hell     | Killed Geryon
108037 | Hell     | Found a gateway to the decaying netherworld of Tartarus.
108136 | Hell     | Found a gateway to the ashen valley of Gehenna.
108330 | Hell     | Found a gateway to the Iron City of Dis.
108544 | Hell     | Found a gateway to the freezing wastes of Cocytus.
109211 | Crypt:1  | Entered Level 1 of the Crypt
109535 | Crypt:1  | Paralysed by a vampire knight for 6 turns
110902 | Crypt:1  | Found a basalt altar of Yredelemnul.
111382 | Crypt:2  | Reached XP level 27. HP: 188/188 MP: 18/47
113584 | Crypt:2  | Found the +5 demon whip "Spellbinder" {antimagic, Will+}
114184 | Crypt:3  | Entered Level 3 of the Crypt
115619 | Crypt:3  | Noticed a dread lich
115626 | Crypt:3  | Killed a dread lich
117201 | Crypt:3  | Found a staircase to the Tomb.
117286 | Crypt:3  | Noticed an ancient lich
117292 | Crypt:3  | Killed an ancient lich
117293 | Crypt:3  | Reached skill level 26 in Earth Magic
117297 | Crypt:3  | Identified the ring "Moyrut" {Will+ Int+5 Dex+6}
117331 | Crypt:3  | Got the Volume of Stolen Souls
117760 | Depths:2 | Acquired 576 gold pieces
118280 | Depths:2 | Learned a level 1 spell: Magic Dart
118282 | Pan      | Entered Pandemonium
119134 | Pan      | Found a transporter.
119275 | Pan      | Gained mutation: You are somewhat resistant to further
                  | mutation. [a cacodemon]
119684 | Pan      | Gained mutation: You sometimes lose the ability to read
                  | scrolls when taking damage. [a cacodemon]
120110 | Pan      | Identified the ring "Koomiref" {Fly EV+4 Str+4 Stlth-}
120119 | Pan      | Identified the amulet "Zoetom" {Spirit -Cast Will++ Dex+5}
121061 | Pan      | Found a transporter.
121104 | Pan      | Found an exit through the horrors of the Abyss.
122741 | Pan      | Noticed Wauwka the pandemonium lord
122754 | Pan      | Killed Wauwka the pandemonium lord
122761 | Pan      | HP: 7/190 [Brimstone Fiend/damnation (39)]
122762 | Pan      | Killed from afar by a Brimstone Fiend

Illustrated notes

Levels and vault maps discovered:
D:1:      elethiomel_arrival_infinity_welcomes_careful_drivers,
          layout_loops_ring, serial_shops,
          nicolae_shop_competitors_out_of_business
D:2:      layout_rooms, hellmonk_ecumenical_altar_watching_god,
          uniq_crazy_yiuf_cottage, uniq_terence, uniq_robin
D:3:      layout_basic, portal_sewer_entry_e, hangedman_decor_points
D:4:      layout_gridville, old_standard_altar, minivault_1, uniq_ijyb
D:5:      layout_basic, minmay_temple_entry_mist, serial_shops,
          nicolae_shop_hallway_plus, serial_curves, eino_curves_01,
          eino_curves_01, eino_curves_01, minmay_misc_feat_x,
          hangedman_feature_mirror, uniq_prince_ribbit1, uniq_edmund,
          uniq_menkaure
D:6:      minmay_flawed_box, layout_basic, minmay_small_thing
D:7:      layout_rooms
D:8:      kennysheep_windowed_halls, layout_basic
D:9:      layout_basic, grunt_ministairs_3
D:10:     layout_loops_ring, erik_lair_orcish_takeover, orc_0_dummy,
          chequers_serial_rivers_small_3, hangedman_abyss_or_decor_lesser_grid
D:11:     layout_gridville, gammafunk_ghost_grave
D:12:     layout_loops_ring
D:13:     layout_basic
D:14:     layout_basic, skrybe_vaults_entry_preservation, minmay_curled_crystal,
          grunt_dithmenos_smoke
D:15:     hangedman_spin_cycle, serial_shops, uniq_nessos
Temple:   mainiacjoe_temple_circle_huts
Lair:1:   layout_gridlike, maelrawn_ghost_gauntlet_escape, serial_bayou_shore_b,
          infiniplex_staircase_pool, grunt_megastairs_4
Lair:2:   layout_layer_cave, minmay_snake_entry_guardpost_medium,
          gammafunk_ghost_split, grunt_megastairs_5
Lair:3:   layout_long_grid, portal_ice_cave_demonic_guard, lemuel_fruit_fields
Lair:4:   layout_loops_ring, minmay_swamp_entry_worms, lemuel_fruit_tree,
          infiniplex_staircase_pool_2
Lair:5:   layout_long_grid
Lair:6:   gammafunk_lair_ancient_temple, layout_regular_city,
          dpeg_slime_entry_corner, small_statue_intersection,
          lemuel_fruit_fields
Swamp:1:  layout_basic_swamp, nicolae_swamp_ascending_descending, swamp_pool5,
          hangedman_swamp_grove, uniq_jorgrun
Swamp:2:  layout_basic_swamp, nicolae_swamp_some_circles
Swamp:3:  layout_basic_swamp, gammafunk_ghost_split, serial_swamp_ruin,
          evilmike_swamp_ruin_house_5, evilmike_swamp_ruin_rubble_1,
          swamp_pool2, uniq_roxanne, uniq_kirke
Swamp:4:  grunt_swamp_rune_castle, layout_basic_swamp, gammafunk_ghost_mausoleum
Snake:1:  layout_chambers, serial_shops, nicolae_diamond_shop, shop, uniq_aizul
Snake:2:  layout_cave_pods, st_stairs_10, grunt_megastairs_3,
          serial_bayou_shore_b
Snake:3:  layout_cave_shapes, grunt_megastairs_2, minmay_shop_grove
Snake:4:  grunt_snake_rune_serpentine_throne, layout_cave_town, uniq_mara
Slime:1:  layout_caves, cheibrodos_slime_lost_civilization_4
Slime:2:  layout_caves, nicolae_slime_ancient_tower_intersection
Slime:3:  layout_caves
Slime:4:  layout_caves
Slime:5
Orc:1:    layout_caves, serial_shops, shop, minmay_orc_temple_c, uniq_urug,
          uniq_nergalle
Orc:2:    st_orc_mages, layout_caves, enter_volcano_3, hangedman_feature_mirror
Elf:1:    eino_elf_arrival_altar, layout_loops_corners, serial_shops, shop,
          minmay_elf_sorcery, uniq_louise, uniq_frances, uniq_azrael
Elf:2:    nicolae_elf_blades_crystal_corner, layout_geoelf_octagon,
          serial_sigils_hangedman_writhe, minivault_16, hangedman_summoners_spam
Elf:3:    minmay_elf_hall_statues, layout_geoelf_castle, serial_shops, shop,
          shop, nicolae_shop_hallway_plus, basic_altar
Vaults:1: ebering_ghost_xom, nicolae_vaults_octagons, grunt_vaults_trifunnel,
          vaults_standard_mumra_enter_the_diamond, v_misc_2,
          nicolae_vaults_triangles, ontoclasm_vaults_pinch,
          ontoclasm_vaults_claustrophobia, nicolae_vaults_what_the_h,
          vaults_mumra_hex, ontoclasm_vaults_fault, v_alt_pattern_3,
          grunt_vaults_diagonal, layout_vaults_maze_snakey
Vaults:2: st_quartered_hall, nicolae_vaults_ring_of_whatevers,
          vaults_room_door_ring, grunt_vaults_hallway_short,
          nicolae_vaults_big_ls, ontoclasm_vaults_tryst,
          nicolae_vaults_border_crossing, nicolae_vaults_specimen_jars,
          vaults_dpeg_ring, nicolae_vaults_little_ls, layout_vaults_quadrants,
          uniq_asterion, uniq_xtahua
Vaults:3: gammafunk_ghost_cemetery, nicolae_vaults_network_square,
          hangedman_vaults_nodes, nicolae_vaults_little_squares_2,
          minmay_crypt_entry_simple_walls, ontoclasm_vaults_gateway,
          hangedman_vaults_maws, v_misc_12, vaults_room_door_ring, v_rooms_4,
          ontoclasm_vaults_shuriken, v_misc_18, serial_ice_b,
          layout_vaults_omnibox, serial_shops, nicolae_shop_statue_plus
Vaults:4: st_star, vaults_standard_mumra_x, v_alt_pattern_1,
          nicolae_vaults_rhombus_6, v_rooms_3, v_misc_10,
          nicolae_vaults_network_periphery, v_rooms_4,
          ontoclasm_vaults_ligature, vaults_room_stairs_pillars,
          nicolae_vaults_circle_grid_b, nicolae_vaults_network_s,
          vaults_room_pool, vaults_room_pools, layout_vaults_ring,
          uniq_bai_suzhen, uniq_mennas, uniq_margery
Vaults:5: serial_shops
Crypt:1:  layout_basic, hangedman_blasphemy, grunt_crypt_arrival_webbed
Crypt:2:  layout_misc_corridors, st_small_mortuary,
          roderic_lattice_octagonal_star
Crypt:3:  david_glass_crypt, layout_gridlike, nicolae_tomb_entry_grand_gallery,
          nicolae_fountain_basement
Depths:1: layout_gridlike, grunt_metal_band, hangedman_abyss_or_decor_stabs,
          guppyfry_shop_blood, minmay_shop_star, serial_bayou_shore_a,
          firewood_loft
Depths:2: minmay_swirls_squares, layout_cave_pools, eino_curves_03, hell_entry,
          rand_demon_pan_entry_1, hangedman_decor_push, tgw_sif,
          minmay_staircase_windowed_small
Depths:3: minmay_the_grid_octo_triangle [minmay_the_grid_octo_odd_swirl,
          minmay_the_grid_octo_prize_single_spiral,
          minmay_the_grid_octo_fan_narrow], layout_twisted_cross,
          enter_ziggurat_d, pf_hell_entry_tar_river,
          chequers_serial_rivers_micro_a, abyss_entry, drop_trap
Depths:4: evilmike_zot_entry_diamond, layout_cave_pools, hell_entry,
          elyvilon_altar_3, grunt_ministairs_6
Hell
Pan:      gammafunk_its_a_trap, layout_stronghold, evilmike_mini_pan_corridor,
          layout_rooms

Skill      XL: |  1  2  3  4  5  6  7  8  9 10 11 12 13 14 15 16 17 18 19 20 21 22 23 24 25 26 27 |
---------------+----------------------------------------------------------------------------------+-----
Fighting       | 1 2 3 5 6 7 9 10 11 12 13 14 15 16 17 18 19 20 21 22 23 24 | 24.3
Earth Magic    | 4 5 6 8 9 10 11 13 14 15 16 17 18 19 20 21 22 23 24 25 26 | 26.4
Conjurations   | 1 2 3 5 6 7 9 10 11 12 13 14 15 16 17 18 19 20 21 22 23 24 | 24.3
Shields        | 1 2 3 4 5 6 7 8 9 10 | 10.0
Armour         | 1 2 3 4 5 6 7 8 9 10 11 12 13 14 15 16 17 | 17.7
Spellcasting   | 3 4 5 6 8 9 10 11 12 13 14 15 16 17 18 19 20 21 | 21.0
Stealth        | 3 4 5 |  5.9
Dodging        | 3 4 5 6 7 8 |  8.2
Staves         | 2 4 6 8 |  8.0
Evocations     | 2 4 5 |  5.0
Transmutations | |  0.9

Action                   |  1- 3 |  4- 6 |  7- 9 | 10-12 | 13-15 | 16-18 | 19-21 | 22-24 | 25-27 || total
-------------------------+-------+-------+-------+-------+-------+-------+-------+-------+-------++-------
Melee: Dagger            |     2 |       |       |       |       |       |       |       |       ||     2
       Short sword       |       |   108 |   162 |   135 |   227 |   142 |    30 |    59 |       ||   863
       Punch             |       |       |     3 |       |       |       |       |       |       ||     3
       Staff             |       |       |       |       |       |     8 |    50 |   155 |   462 ||   675
       Flail             |       |       |       |       |       |       |    16 |       |       ||    16
       Trident           |       |       |       |       |       |       |    10 |    19 |       ||    29
       Headbutt          |       |       |       |       |       |       |     8 |    84 |   161 ||   253
 Fire: Hunting sling     |    60 |    16 |       |       |       |       |       |       |       ||    76
 Cast: Sandblast         |    15 |    13 |    17 |    42 |    69 |     7 |    12 |     2 |       ||   177
       Stone Arrow       |       |     5 |    73 |   201 |   670 |   467 |   120 |       |     1 ||  1537
       Lee's Rapid Decon |       |       |       |    10 |    91 |   377 |   312 |   342 |   103 ||  1235
       Iron Shot         |       |       |       |       |       |    34 |   368 |   429 |   535 ||  1366
       Orb of Destructio |       |       |       |       |       |       |     4 |    10 |    15 ||    29
       Shatter           |       |       |       |       |       |       |     4 |       |    70 ||    74
       Magic Dart        |       |       |       |       |       |       |       |       |    19 ||    19
       Iskenderun's Batt |       |       |       |       |       |       |       |       |     2 ||     2
Evoke: Wand              |       |       |       |       |       |       |     9 |     2 |       ||    11
       Lightning rod     |       |       |       |       |       |       |       |     3 |       ||     3
  Use: Scroll            |       |     7 |     8 |     5 |     9 |     4 |     9 |    13 |     8 ||    63
       Potion            |       |     1 |     2 |     2 |     8 |    19 |    20 |     8 |     7 ||    67
 Stab: Distracted        |       |     1 |       |       |       |       |       |       |     1 ||     2
       Sleeping          |       |     9 |     1 |       |       |       |       |       |       ||    10
       Invisible         |       |       |       |       |     1 |     2 |       |       |       ||     3
Armor: Robe              |     5 |     6 |       |       |       |       |       |       |       ||    11
       Leather armour    |       |    47 |    41 |       |       |       |       |       |       ||    88
       Ring mail         |       |       |    88 |    91 |   201 |       |       |       |       ||   380
       Chain mail        |       |       |       |       |   137 |   503 |   482 |   151 |       ||  1273
       Scale mail        |       |       |       |       |       |       |    53 |       |       ||    53
       Skin              |       |       |       |       |       |       |     2 |       |       ||     2
       Ice dragon scales |       |       |       |       |       |       |       |   301 |   661 ||   962
Dodge: Dodged            |     6 |   125 |   126 |   100 |   247 |   194 |   243 |   166 |   315 ||  1522
Block: Buckler           |       |       |    15 |   128 |   314 |   349 |   336 |   317 |   588 ||  2047
       Reflection        |       |       |       |     2 |    12 |    41 |    29 |    30 |    23 ||   137
